 Dungeon Crawl Stone Soup version 0.30-a0-23-ge60ba3568b (webtiles) character file.

Game seed: 6274646714718491454

266 Cedruin the Chopper (level 6, 20/47 HPs)
             Began as a Demonspawn Gladiator on Aug 24, 2022.
             Quit the game on level 4 of the Dungeon.
             The game lasted 00:03:44 (3720 turns).

Cedruin the Chopper (Demonspawn Gladiator)          Turns: 3720, Time: 00:03:44

Health: 20/47      AC:  7    Str: 16    XL:     6   Next: 0%
Magic:  6/6        EV: 12    Int: 11    God:
Gold:   162        SH:  0    Dex: 15    Spells: 5/5 levels left

rFire   . . .      SeeInvis .    a - +0 war axe
rCold   . . .      Faith    .    (no shield)
rNeg    . . .      Spirit   .    o - +0 ring mail
rPois   .          Reflect  .    c - +0 helmet
rElec   .          Harm     .    m - +0 cloak
rCorr   .          Rampage  .    (no gloves)
Will    .....                    (no boots)
Stlth   +.........               (no amulet)
HPRegen 0.15/turn                (no ring)
MPRegen 0.20/turn                (no ring)

@: no status effects
A: magic regeneration, big brain 1, weakness stinger 1
a: no special abilities


You were on level 4 of the Dungeon.
You visited 1 branch of the dungeon, and saw 4 of its levels.

You collected 162 gold pieces.

Inventory:

Hand Weapons
 a - a +0 war axe (weapon)
Missiles
 d - 3 throwing nets (quivered)
 e - a javelin
Armour
 c - a +0 helmet (worn)
 m - a +0 cloak (worn)
 o - a +0 ring mail (worn)
Jewellery
 b - an amulet of guardian spirit
Scrolls
 k - a scroll of amnesia {unknown}
 l - a scroll of teleportation
 q - a scroll of enchant armour {unknown}
 s - 2 scrolls of identify
Potions
 f - 2 potions of magic {unknown}
 g - 2 potions of mutation {unknown}
 h - a potion of heal wounds {unknown}
 i - 2 potions of invisibility
 j - 2 potions of might
 n - a potion of brilliance {unknown}
 p - a potion of cancellation {unknown}
 r - 2 potions of lignification {unknown}


   Skills:
 + Level 3.5 Fighting
 * Level 4.7 Axes
 - Level 1.7 Throwing
 + Level 3.8 Dodging


You had 5 spell levels left.
You didn't know any spells.
Your spell library was empty.

Dungeon Overview and Level Annotations

Branches:
Dungeon (4/15)
 Temple: D:4-7

Altars:


Innate Abilities, Weirdness & Mutations

You regenerate magic rapidly.
You have an unusually large brain. (Int +2)
You have a small tail.


Message History

The bullfrog hits you. x2
You closely miss the bullfrog. The bullfrog barely misses you.
The bullfrog hits you.
You hit the bullfrog.
The bullfrog is lightly wounded.
The bullfrog hits you. The bullfrog completely misses you.
You closely miss the bullfrog.
The bullfrog is lightly wounded.
The bullfrog closely misses you.
You hit the bullfrog.
Your tail-slap misses the bullfrog.
The bullfrog is moderately wounded.
The bullfrog hits you but does no damage.
The bullfrog hits you.
You miss the bullfrog. You tail-slap the bullfrog.
The bullfrog is heavily wounded.
The bullfrog barely misses you. The bullfrog closely misses you.
You closely miss the bullfrog. You tail-slap the bullfrog.
The bullfrog is heavily wounded.
The bullfrog completely misses you. The bullfrog closely misses you.
You slash the bullfrog!
The bullfrog is almost dead.
The bullfrog hits you. The bullfrog closely misses you.
You barely miss the bullfrog.
The bullfrog is almost dead.
The bullfrog closely misses you. The bullfrog hits you.
You are too injured to fight recklessly!
You are too injured to fight recklessly!
You are too injured to fight recklessly!
You are too injured to fight recklessly!
You are too injured to fight recklessly!
A bullfrog is nearby!
A bullfrog is nearby!
A bullfrog is nearby!
You are too injured to fight recklessly!
You hit the bullfrog.
You kill the bullfrog!
You have reached level 6!
Your demonic ancestry asserts itself...
Your brain expands.
Are you sure you want to abandon this character and quit the game? (Confirm with "yes".)

#.######.#
#.##.##....... #.#
#.##.##..##### #.# ##
#.##.##..# ## #.# ..
#.##.##..# #. #.# ..
#. ###.#...#..####.
#.# #.# #.
#............... #.#
...#.#.###....#.####.#
#.# ##...#
##..##.####.# #.#
#..#@# #..##.......
#.# #....##
##...<....#.# #.#
#.#.#.###.#######.#.#
#.# #...##.<.## #.#.#
#.# #.## ##.## ###.#.#
#.# #. #.#######.....#
#.# # #..............
#.# #########......
#.###
############.....#


There were no monsters in sight!

Vanquished Creatures
  2 bullfrogs
  2 iguanas (D:4)
  An adder (D:4)
  A worm (D:4)
  3 dart slugs
  2 orcs
  5 ball pythons
  7 bats
  8 endoplasms
  4 giant cockroaches
  3 goblins
  5 hobgoblins
  6 kobolds
  2 quokkas
  5 frilled lizards
  15 rats
71 creatures vanquished.

Notes
Turn   | Place    | Note
-------+----------+-------------------------------------------
     0 | D:1      | Cedruin the Demonspawn Gladiator began the quest for the
                  | Orb.
     0 | D:1      | Reached XP level 1. HP: 16/16 MP: 1/1
    96 | D:1      | Reached skill level 3 in Axes
    96 | D:1      | Gained mutation: You regenerate magic rapidly. [demonic
                  | ancestry]
    96 | D:1      | Reached XP level 2. HP: 20/22 MP: 2/2
   732 | D:1      | Found a faded altar of an unknown god.
   743 | D:1      | Reached XP level 3. HP: 28/28 MP: 3/3
  1935 | D:3      | Noticed a bullfrog
  1951 | D:3      | Killed a bullfrog
  1952 | D:3      | Reached skill level 4 in Axes
  1952 | D:3      | Reached XP level 4. HP: 9/35 MP: 4/4
  3088 | D:4      | Gained mutation: You have a small tail. [demonic ancestry]
  3088 | D:4      | Reached XP level 5. HP: 32/41 MP: 5/5
  3560 | D:4      | Found a glowing drain.
  3720 | D:4      | Gained mutation: You have an unusually large brain. (Int
                  | +2) [demonic ancestry]
  3720 | D:4      | Reached XP level 6. HP: 20/47 MP: 6/6
  3720 | D:4      | Quit the game

Illustrated notes

Levels and vault maps discovered:
D:1:      minmay_arrival_glassed_features, layout_basic,
          dreamdust_ecumenical_altar_statues, minivault_25
D:2:      layout_loops_ring
D:3:      layout_basic
D:4:      layout_loops_ring, marbit_many_paths, portal_sewer_entry_b

Skill      XL: |  1  2  3 |
---------------+----------+-----
Axes           | 3 4 |  4.7
Dodging        | 3 |  3.8
Fighting       | 3 |  3.5
Throwing       | |  1.7

Action                   |  1- 3 |  4- 6 || total
-------------------------+-------+-------++-------
Melee: War axe           |   122 |    74 ||   196
       Tailslap          |       |    10 ||    10
       Punch             |       |     2 ||     2
Throw: Throwing net      |     3 |       ||     3
  Use: Scroll            |     4 |     2 ||     6
 Stab: Sleeping          |     2 |       ||     2
Armor: Leather armour    |    42 |       ||    42
       Ring mail         |    11 |    33 ||    44
Dodge: Dodged            |   103 |    41 ||   144

Table legend: (Time is in decaauts)
 A = Elapsed time spent in this place.
 B = Non-inter-level travel time spent in this place.
 C = Inter-level travel time spent in this place.
 D = Time resting spent in this place.
 E = Time spent auto-exploring this place.
 F = Levels seen in this place.
 G = Mean time per level.
                   A        B        C        D        E       F      G
               +--------+--------+--------+--------+--------+-----+--------+
         Total |   3782 |   3753 |     29 |    672 |   2534 |   4 |  945.5 |
       Dungeon |   3782 |   3753 |     29 |    672 |   2534 |   4 |  945.5 |
               +--------+--------+--------+--------+--------+-----+--------+

Top non-repeatable levels by time:
     D:3: 1441 daAuts
     D:1: 1051 daAuts
     D:4: 722 daAuts
     D:2: 566 daAuts
